Map: Dusk Towers

Players

IIllIIllIIll (Tefel)

  • Race: Zerg Zerg
  • League: Grandmaster

Namshar - Winner!

  • Race: Zerg Zerg
  • League: Grandmaster

Event: Gauntlet LotV Series 1 Qualifier 1

VOD

Have the link to the VOD?

Description

Time

  • Played on: Nov. 22, 2015, 5:42 p.m.
  • Length: 20:16

All games in this series

Show
View Real Time Build Order
Export as new Build Order

IIllIIllIIll Zerg 

Build Orders: Pool First, Zergling Baneling 

Get SALT Encoding   

  12  0:01  Drone  
  13  0:08  Drone  
  14  0:17  Overlord  
  14  0:22  Extractor  
  14  0:23  Drone  
  15  0:35  Drone x2  
  17  0:45  Spawning Pool  
  17  0:48  Drone  
  17  1:08  Hatchery  
  17  1:10  Drone  
  17  1:13  Extractor  
  17  1:15  Drone  
  17  1:18  Drone  
  18  1:31  Queen  
  18  1:32  Zergling x2  
  21  1:38  Drone  
  22  1:48  Overlord  
  22  2:06  Drone  
  22  2:07  Queen  
  25  2:10  Drone  
  25  2:15  Metabolic Boost  
  26  2:20  Drone  
  26  2:22  Drone  
  28  2:36  Drone x2  
  30  2:39  Drone x3  
  32  2:44  Baneling Nest, Drone  
  32  2:45  Drone  
  33  2:52  Drone  
  34  2:59  Hatchery  
  34  3:01  Zergling x2  
  34  3:04  Overlord  
  34  3:07  Drone  
  36  3:27  Zergling x2  
  36  3:28  Zergling x6  
  36  3:30  Zergling x6  
  36  3:31  Zergling x2  
  40  3:42  Zergling x4  
  41  3:51  Drone  
  41  3:54  Drone  
  41  3:55  Queen  
  43  4:04  Overlord  
  43  4:08  Hatchery  
  42  4:17  Baneling x8  
  42  4:19  Overlord  
  42  4:21  Zergling x2  
  42  4:22  Zergling x6  
  46  4:27  Drone  
  45  4:38  Zergling x2  
  45  4:49  Zergling x4  
  45  4:52  Drone x2  
  47  4:56  Evolution Chamber  
  47  4:57  Drone, Extractor  
  47  4:58  Extractor  
  47  4:59  Baneling x2  
  45  5:02  Drone  
  45  5:06  Drone x2  
  45  5:07  Drone  
  49  5:11  Drone  
  49  5:13  Baneling x3  
  50  5:17  Roach Warren  
  50  5:18  Drone  
  50  5:21  Drone x2  
  50  5:22  Drone  
  50  5:23  Lair  
  50  5:25  Drone  
  50  5:28  Drone x2  
  56  5:35  Drone x2  
  57  5:36  Drone x2  
  57  5:37  Drone x2  
  57  5:44  Drone x2  
  57  5:45  Queen  
  57  5:46  Drone  
  61  5:52  Zerg Missile Weapons Level 1  
  61  5:53  Drone x3  
  64  5:59  Overlord x2  
  64  6:00  Overlord  
  64  6:06  Overlord  
  64  6:07  Overlord  
  64  6:11  Baneling x2  
  64  6:22  Roach x3  
  64  6:23  Overlord, Glial Reconstitution  
  64  6:24  Roach x4  
  64  6:25  Roach  
  80  6:29  Roach, Zergling x2  
  82  6:37  Baneling  
  82  6:42  Overlord  
  82  6:43  Roach x3  
  82  6:46  Roach  
  82  6:47  Roach  
  91  6:54  Overlord, Roach x2  
  91  6:55  Drone  
  91  6:56  Drone x5  
  91  6:57  Extractor  
  100  7:02  Roach x2  
  104  7:12  Roach x3  
  110  7:16  Overlord x3  
  110  7:17  Roach  
  110  7:22  Overlord x2  
  112  7:23  Roach x2  
  112  7:24  Roach  
  112  7:28  Roach  
  120  7:35  Roach x2  
  124  7:40  Roach  
  126  7:44  Roach  
  126  7:45  Roach x3  
  126  7:49  Roach  
  126  7:50  Roach  
  138  7:52  Roach x3  
  138  7:55  Roach  
  138  7:58  Baneling  
  146  7:59  Roach  
  146  8:02  Roach  
  150  8:06  Roach  
  150  8:08  Roach  
  150  8:11  Roach  
  150  8:12  Roach x2  
  155  8:20  Drone x2  
  155  8:21  Drone x2  
  155  8:22  Drone x3  
  155  8:23  Extractor  
  160  8:27  Roach  
  160  8:28  Overlord  
  160  8:30  Overlord  
  160  8:31  Overlord  
  160  8:33  Extractor  
  161  8:39  Hatchery  
  160  8:41  Overlord  
  160  8:49  Roach x2  
  160  8:50  Overlord, Roach x2  
  160  8:54  Zerg Missile Weapons Level 2, Roach x2  
  160  8:55  Roach  
  174  9:00  Roach x2  
  178  9:04  Roach  
  178  9:08  Roach  
  176  9:13  Roach x7  
  176  9:14  Roach  
  181  9:26  Roach x3  
  181  9:27  Overlord, Roach x4  
  181  9:28  Roach  
  181  9:29  Ravager  
  198  9:32  Ravager  
  198  9:35  Ravager  
  200  9:49  Roach x3  
  200  9:50  Roach x2  
  178  9:52  Roach  
  178  9:57  Roach  
  178  9:58  Roach x5  
  182  10:00  Roach  
  182  10:01  Roach  
  182  10:02  Roach  
  182  10:06  Ravager  
  189  10:08  Ravager  
  189  10:10  Roach x2  
  189  10:11  Roach  
  189  10:13  Roach  
  198  10:16  Roach  
  200  10:24  Overlord  
  198  10:36  Roach  
  198  10:37  Overlord  
  200  10:44  Roach  
  199  10:50  Ravager  
  200  11:15  Zerg Ground Armor Level 1  
  200  11:16  Roach  
  200  11:19  Roach x2  
  200  11:22  Roach  
  200  11:25  Roach x4  
  190  11:27  Roach  
  190  11:28  Roach x11  
  190  11:29  Roach x6  
  169  11:34  Roach x3  
  169  11:39  Roach  
  154  11:41  Roach  
  154  11:42  Roach x5  
  154  11:44  Roach  
  154  11:45  Roach x4  
  174  11:49  Roach  
  174  11:52  Queen  
  180  11:54  Roach  
  180  11:55  Roach  
  180  11:57  Roach  
  180  11:58  Roach  
  186  12:05  Roach  
  186  12:06  Roach x2  
  192  12:08  Roach  
  192  12:12  Roach x2  
  190  12:17  Roach x6  
  190  12:22  Overlord  
  200  12:26  Roach, Queen  
  191  12:30  Roach  
  191  12:32  Roach x4  
  191  12:35  Roach  
  191  12:36  Roach  
  199  12:38  Roach  
  199  12:40  Roach  
  199  12:41  Roach  
  199  12:42  Roach  
  199  12:43  Roach x2  
  195  12:48  Roach  
  195  12:49  Roach x2  
  187  12:53  Roach  
  187  12:54  Roach x2  
  187  12:55  Roach  
  196  12:58  Ravager  
  196  12:59  Ravager  
  196  13:00  Ravager  
  196  13:01  Roach  
  198  13:17  Roach x2  
  199  13:22  Ravager  
  200  13:30  Overseer x2  
  200  14:01  Overlord, Zerg Ground Armor Level 2  
  197  14:05  Roach x3  
  200  14:37  Roach  
  199  14:41  Roach  
  199  14:42  Roach x2  
  199  14:45  Roach  
  199  14:49  Overlord  
  199  14:51  Extractor  
  199  14:52  Extractor  
  197  14:54  Roach  
  197  15:02  Roach  
  197  15:04  Roach x3  
  190  15:08  Roach x5  
  190  15:10  Roach  
  190  15:13  Roach  
  200  15:41  Roach  
  200  15:42  Roach  
  200  15:49  Roach x4  
  198  15:51  Roach x8  
  198  15:52  Roach  
  198  15:53  Roach x3  
  174  15:58  Roach x12  
  174  15:59  Roach  
  200  16:06  Hatchery  
  200  16:08  Zergling x2  
  200  16:33  Roach  
  200  16:36  Roach x4  
  200  16:37  Roach x2  
  200  16:38  Roach x4  
  184  16:40  Roach x8  
  200  17:00  Roach  
  199  17:03  Roach  
  199  17:07  Roach  
  193  17:09  Roach x5  
  193  17:13  Roach x4  
  193  17:14  Roach x2  
  193  17:15  Roach  
  179  17:17  Roach  
  179  17:18  Roach x7  
  179  17:21  Roach  
  179  17:22  Roach  
  161  17:24  Drone  
  161  17:27  Roach x2  
  147  17:31  Roach  
  147  17:34  Roach  
  153  17:37  Roach  
  153  17:38  Roach  
  153  17:39  Ravager x10  
  153  17:40  Ravager  
  153  17:41  Ravager x2  
  168  17:45  Roach  
  168  17:48  Roach  
  172  17:52  Roach  
  172  17:53  Roach  
  173  17:59  Roach x2  
  173  18:00  Roach  
  173  18:03  Roach  
  168  18:05  Roach  
  168  18:08  Roach  
  168  18:09  Roach  
  168  18:10  Ravager  
  168  18:11  Ravager x2  
  168  18:12  Ravager  
  176  18:17  Roach x2  
  180  18:21  Roach x2  
  180  18:23  Roach  
  180  18:25  Roach  
  186  18:28  Roach  
  186  18:30  Roach  
  183  18:35  Roach  
  183  18:36  Overseer  
  183  18:37  Overseer  
  183  18:40  Roach  
  187  18:44  Roach  
  187  18:46  Roach  
  185  18:50  Roach x2  
  183  18:56  Roach x2  
  179  19:05  Roach  
  179  19:08  Roach x3  
  179  19:12  Roach  
  179  19:14  Drone  
  163  19:27  Roach  
Show
View Real Time Build Order
Export as new Build Order

Namshar Zerg - Winner!

Build Orders: Hatch First, Zergling Baneling 

Get SALT Encoding   

  12  0:01  Drone  
  13  0:12  Overlord  
  13  0:17  Drone  
  14  0:30  Drone x2  
  14  0:34  Drone  
  17  0:51  Hatchery  
  17  0:54  Drone  
  17  1:08  Spawning Pool  
  17  1:10  Drone  
  17  1:14  Extractor  
  17  1:15  Drone  
  18  1:18  Drone  
  18  1:28  Drone  
  19  1:38  Overlord  
  19  1:49  Drone  
  20  1:54  Queen  
  20  2:00  Zergling x2  
  25  2:09  Baneling Nest, Spine Crawler  
  25  2:10  Zergling x2  
  25  2:14  Spine Crawler, Zergling x4  
  23  2:29  Queen  
  26  2:35  Drone x2  
  26  2:36  Drone  
  29  2:40  Drone  
  31  2:47  Metabolic Boost  
  31  2:48  Drone x2  
  33  2:53  Overlord  
  33  2:57  Drone  
  34  3:03  Baneling x2  
  34  3:09  Drone  
  34  3:10  Drone  
  34  3:12  Drone x2  
  38  3:23  Hatchery  
  37  3:33  Drone x2  
  37  3:34  Drone x2  
  40  3:47  Extractor  
  38  3:50  Zergling x12  
  38  3:53  Zergling x2  
  38  3:54  Zergling x2  
  44  3:58  Overlord  
  44  4:05  Overlord  
  44  4:08  Baneling x2  
  44  4:09  Baneling x2  
  44  4:11  Overlord  
  44  4:16  Queen  
  46  4:19  Baneling x2  
  46  4:20  Baneling x2  
  46  4:26  Zergling x2  
  46  4:27  Zergling x10  
  50  4:52  Drone, Queen  
  48  4:53  Drone x4  
  48  4:59  Evolution Chamber, Roach Warren, Drone x8  
  58  5:01  Baneling  
  58  5:09  Spine Crawler  
  57  5:14  Zergling x2  
  57  5:15  Zergling x6  
  57  5:20  Queen  
  63  5:24  Baneling x3  
  63  5:25  Baneling  
  63  5:35  Drone x2  
  63  5:36  Drone  
  63  5:37  Overlord x3  
  60  5:54  Extractor  
  60  5:57  Lair  
  59  5:58  Zerg Missile Weapons Level 1  
  59  6:00  Drone x2  
  59  6:01  Drone, Extractor  
  59  6:02  Drone x2  
  63  6:05  Drone x6  
  63  6:09  Zergling x2  
  70  6:12  Zergling x2  
  70  6:16  Zergling x2  
  70  6:33  Drone x4  
  74  6:46  Drone x2  
  74  6:47  Drone x2, Extractor  
  76  6:50  Extractor  
  76  6:53  Drone  
  76  6:54  Drone x2  
  79  6:56  Overlord x4  
  79  6:57  Drone  
  79  7:00  Hatchery  
  79  7:02  Glial Reconstitution, Roach  
  79  7:04  Overseer  
  79  7:05  Overseer  
  83  7:08  Roach  
  83  7:09  Hatchery, Roach x3  
  83  7:14  Overlord  
  88  7:16  Roach  
  88  7:17  Roach x3  
  88  7:22  Drone x3  
  99  7:23  Drone  
  99  7:28  Roach x3  
  106  7:34  Overlord x2  
  106  7:37  Roach  
  106  7:38  Roach  
  106  7:41  Ravager x2  
  106  7:42  Ravager x4  
  116  7:44  Roach  
  116  7:45  Roach x2  
  116  7:48  Roach x2  
  129  7:51  Roach  
  129  7:52  Overlord x2  
  129  7:54  Roach  
  129  7:55  Roach x2  
  135  8:01  Ravager x2  
  135  8:02  Roach x3  
  135  8:05  Spine Crawler  
  142  8:07  Roach x2  
  142  8:12  Roach  
  147  8:21  Roach  
  147  8:22  Roach x5  
  147  8:26  Zerg Missile Weapons Level 2  
  158  8:40  Hatchery  
  160  8:41  Roach x4  
  166  8:53  Overlord x3  
  166  8:54  Overlord x3  
  163  9:20  Roach x12  
  163  9:21  Roach x5  
  163  9:23  Ravager x2  
  163  9:24  Hatchery, Ravager  
  199  9:34  Ravager  
  200  9:46  Roach  
  157  9:56  Roach x11  
  157  9:57  Roach x3  
  165  10:02  Ravager x2  
  165  10:03  Ravager x2  
  165  10:04  Roach x4  
  165  10:05  Ravager  
  165  10:06  Roach  
  165  10:07  Roach x2  
  183  10:12  Roach x3  
  189  10:15  Drone x2  
  189  10:18  Ravager  
  192  10:36  Ravager x2  
  192  10:37  Ravager  
  192  10:38  Roach x2  
  199  11:02  Ravager x2  
  195  11:04  Roach x3  
  195  11:08  Zerg Ground Armor Level 1  
  175  11:27  Roach  
  175  11:28  Roach x9  
  175  11:29  Roach x13  
  186  11:38  Roach x3  
  186  11:39  Roach x6  
  168  11:46  Roach x5  
  173  11:51  Roach x3  
  177  11:59  Roach  
  177  12:00  Roach x4  
  187  12:05  Roach x4  
  193  12:09  Hatchery  
  193  12:15  Roach x6  
  190  12:21  Roach  
  180  12:27  Roach  
  180  12:28  Roach x7  
  166  12:46  Roach x9  
  166  12:49  Roach  
  176  12:58  Roach x6  
  188  13:05  Ravager  
  188  13:06  Ravager x2  
  188  13:10  Ravager  
  191  13:19  Roach x5  
  199  13:20  Drone  
  199  13:23  Burrow  
  198  13:31  Extractor x2  
  196  13:40  Ravager x2  
  198  13:51  Pneumatized Carapace, Overseer  
  196  13:59  Overlord  
  196  14:09  Ravager x2  
  198  14:10  Roach  
  198  14:13  Extractor  
  199  14:35  Ravager x2  
  199  14:37  Roach x2  
  191  14:48  Ravager  
  191  14:49  Roach  
  191  14:50  Roach x3  
  191  14:52  Zerg Ground Armor Level 2  
  192  15:11  Roach x3  
  192  15:12  Roach  
  200  15:37  Tunneling Claws  
  170  15:53  Roach x4  
  170  15:54  Roach x27  
  170  15:55  Roach  
  173  16:08  Roach  
  173  16:09  Roach x16  
  200  16:16  Spine Crawler  
  200  16:17  Spine Crawler  
  198  16:19  Ravager  
  198  16:20  Ravager  
  200  16:38  Roach x4  
  200  16:39  Roach x12  
  196  16:41  Roach  
  196  16:42  Roach x3  
  194  16:49  Ravager x6  
  196  17:05  Roach x3  
  182  17:19  Roach  
  182  17:20  Roach x12  
  190  17:23  Roach  
  190  17:25  Roach x34  
  192  17:48  Overseer  
  180  18:01  Roach x30  
  162  18:06  Roach  
  162  18:07  Roach x18  
  162  18:08  Roach x2  
  192  18:17  Roach x3  
  192  18:29  Ravager x2  
  192  18:30  Ravager  
  192  18:33  Roach x6  
  195  18:40  Roach x4  
  195  18:49  Roach  
  195  19:02  Roach x7  
  199  19:03  Roach  
  192  19:11  Roach x23  
  192  19:12  Roach x12  
  192  19:22  Roach  
  192  19:23  Roach x3  
  200  19:30  Spine Crawler  
  199  19:32  Spine Crawler x2  
  191  19:40  Roach x5  
  191  19:51  Roach x6  
  191  19:52  Roach x9  
  181  19:56  Roach x2  
  172  20:15  Hatchery  
Tags
 
Add a new tag
Caveats
  • Supply blocks, unpowered buildings, or Contaminate may cause inaccurate times.
  • Supply counts are checked every 10 seconds.